 Dungeon Crawl Stone Soup version 0.29.1-12-g30fa7ad0bf (webtiles) character file.

Game seed: 13189645365282319563

50 H0rd4k the Charlatan (level 3, 0/24 HPs)
             Began as an Octopode Artificer on Dec 13, 2022.
             Succumbed to an orc's poison
             ... on level 3 of the Dungeon.
             The game lasted 00:01:23 (1885 turns).

H0rd4k the Charlatan (Octopode Artificer)           Turns: 1885, Time: 00:01:24

Health: 0/24       AC:  1    Str: 11    XL:     3   Next: 79%
Magic:  5/5        EV: 13    Int: 15    God:
Gold:   95         SH:  5    Dex: 12    Spells: 5/5 levels left

rFire   . . .      SeeInvis .     - Unarmed
rCold   . . .      Faith    .   (no shield)
rNeg    . . .      Spirit   .   (helmet restricted)
rPois   .          Reflect  +   h - amulet of reflection
rElec   .          Harm     .   (no ring)
rCorr   .          Rampage  .   (no ring)
Will    .....                   (no ring)
Stlth   +++.......              (no ring)
HPRegen 0.08/turn               (no ring)
MPRegen 0.09/turn               (no ring)
                                (no ring)
                                (no ring)

@: lethally poisoned (0 -> -15)
A: almost no armour, amphibious, 8 rings, camouflage 1, gelatinous body 1,
(nimble swimmer 1), tentacles
a: no special abilities


You were on level 3 of the Dungeon.
You visited 1 branch of the dungeon, and saw 3 of its levels.

You collected 95 gold pieces.

Inventory:

Jewellery
 h - an amulet of reflection (around mantle)
Wands
 b - a wand of flame (15) (quivered)
 c - a wand of charming (14)
 d - a wand of iceblast (12)
Scrolls
 a - a scroll of enchant weapon {unknown}
 i - a scroll of butterflies {unknown}
 j - 2 scrolls of identify {unknown}
 k - 4 scrolls of magic mapping {unknown}
Potions
 e - 2 potions of degeneration {unknown}
 f - 2 potions of brilliance {unknown}
 g - 2 potions of curing {unknown}
 l - a potion of attraction {unknown}


   Skills:
 * Level 2.2 Fighting
 - Level 2.3 Dodging
 - Level 1.3 Stealth
 + Level 1.3 Unarmed Combat
 * Level 1.6 Spellcasting
 - Level 3.2 Evocations


You had 5 spell levels left.
You didn't know any spells.
Your spell library was empty.

Dungeon Overview and Level Annotations

Branches:
Dungeon (3/15)

Altars:
Dithmenos

Annotations:
D:1 exclusion: downstairs
D:2 Robin, Sigmund


Innate Abilities, Weirdness & Mutations

You cannot wear most types of armour.
You are amphibious.
You can wear up to eight rings at the same time.
Your skin changes colour to match your surroundings (Stealth+).
Your rubbery body absorbs attacks. (AC +1, EV +1)
((You are camouflaged when in or above water. (Stealth+)))
You have tentacles for arms and can constrict up to eight enemies at once.


Message History

An orc is nearby!
An orc wizard comes into view. It is wielding a +2 dagger of draining.
The orc wizard moves out of view.
An orc is nearby!
An orc comes into view. It is wielding a +0 dagger.
The orc misses you.
The orc shouts!
You barely miss the orc. Your grab misses the orc.
You hear a shout! x2
The orc hits you with a +0 falchion. The orc hits you with a +0 dagger.
You barely miss the orc. You grab the orc. You constrict the orc.
The orc closely misses you.
The orc escapes!
You tentacle-slap the orc. Your grab misses the orc.
The orc is lightly wounded.
You block the orc's attack.
An orc comes into view. It is wielding a +2 dagger of venom.
You block the orc's attack.
Unknown command.
Aiming: Charm
Press: ? - help, Shift-Dir - straight line, f - orc wizard
Aim: an orc wizard, wielding a +2 dagger of draining and wearing a +0 robe (chance to affect: 57%)
The orc wizard is charmed.
The orc shouts!
The orc hits you with a +0 falchion. The orc hits you with a +0 dagger.
A hobgoblin comes into view.
You tentacle-slap the orc. You grab the orc.
The orc is severely wounded.
You constrict the orc.
You kill the orc!
Your orc wizard hits the orc with a +2 dagger of draining.
The orc hits you with a +0 dagger.
The orc hits your orc wizard with a +2 dagger of venom.
The orc hits you with a +2 dagger of venom.
* * * LOW HITPOINT WARNING * * *
You are lethally poisoned!
Your orc wizard hits the orc with a +2 dagger of draining.
The orc hits your orc wizard but does no damage.
Things that are here:
a +0 falchion; an orc corpse You die...

.....# #..# .....
.....## #+# ##.g#
.....
......###.###...#
.....
................#
.....
................##..#
.........:..?..o....#
###.............oo..#
##.........###)#..#
#............@# #
r........†......#
#................#
#............###.#
....########.....#
.... #...... ...
...... .. ##... ..


You could see 2 orcs, a hobgoblin and a friendly orc wizard (charmed).

Vanquished Creatures
  An adder (D:2)
  2 dart slugs
  An orc (D:3)
  5 ball pythons
  An endoplasm (D:3)
  2 giant cockroaches
  6 goblins
  5 hobgoblins
  2 quokkas
  2 frilled lizards (D:2)
  2 kobolds
  3 rats
32 creatures vanquished.

Notes
Turn   | Place    | Note
-------+----------+-------------------------------------------
     0 | D:1      | H0rd4k the Octopode Artificer began the quest for the Orb.
     0 | D:1      | Reached XP level 1. HP: 13/13 MP: 1/1
    66 | D:1      | Found a faded altar of an unknown god.
   184 | D:1      | Reached XP level 2. HP: 15/18 MP: 1/3
   451 | D:1      | Reached skill level 1 in Spellcasting
   728 | D:2      | Reached XP level 3. HP: 21/24 MP: 4/4
   882 | D:2      | Noticed Sigmund
  1336 | D:2      | Reached skill level 1 in Unarmed Combat
  1626 | D:2      | Noticed Robin
  1707 | D:3      | Found a shadowy altar of Dithmenos.
  1885 | D:3      | Succumbed to an orc's poison

Illustrated notes

Levels and vault maps discovered:
D:1:      eino_arrival_tree_alley, layout_rooms,
          hellmonk_ecumenical_altar_pennies_from_heaven
D:2:      layout_rooms, minmay_surrounded, uniq_robin, uniq_sigmund
D:3:      layout_basic, grunt_dithmenos_smoke,
          yredelemnul_forgotten_temple_becter, nicolae_shop_unique_rings

Skill      XL: |  1  2  3 |
---------------+----------+-----
Spellcasting   | 1 |  1.6
Fighting       | 2 |  2.2
Unarmed Combat | 1 |  1.3
Dodging        | |  2.3
Stealth        | |  1.3
Evocations     | |  3.2

Action                   || total
-------------------------++-------
Melee: Unarmed           ||    90
       Constrict         ||    23
       Tentacles         ||    21
       Punch             ||     3
Evoke: Wand              ||     1
 Stab: Sleeping          ||    10
Armor: Skin              ||     4
Dodge: Dodged            ||    54
Block: Other             ||    15
